 Seeded DCSS version 0.27-a0-343-gfcad680f63 (webtiles) character file.

Game seed: 11834178325477026268 (custom seed)

1136 Zonian the Shield-Bearer (level 8, -4/64 HPs)
             Began as a Formicid Fighter on Feb 14, 2021.
             Was an Initiate of Gozag.
             Slain by Prince Ribbit (15 damage)
             ... on level 5 of the Dungeon.
             The game lasted 00:10:14 (9003 turns).

Zonian the Shield-Bearer (Formicid Fighter)         Turns: 9003, Time: 00:10:14

Health: -4/64      AC:  9    Str: 21    XL:     8   Next: 63%
Magic:  8/8        EV:  9    Int:  8    God:    Gozag
Gold:   187        SH: 10    Dex: 12    Spells: 7/7 levels left

rFire    . . .     SeeInvis +   a - +1 flail
rCold    . . .     Faith    .   c - +0 kite shield
rNeg     . . .     Spirit   .   b - +0 scale mail
rPois    .         Reflect  .   (helmet unavailable)
rElec    .         Harm     .   u - +1 cloak
rCorr    .         Rampage  .   (no gloves)
Will     .....                  (no boots)
Stlth    ..........             (no amulet)
HPRegen  0.20/turn              (no ring)
MPRegen  0.11/turn              (no ring)

@: mighty, gold aura
A: permanent stasis, dig shafts and tunnels, four strong arms, antennae 3
a: Dig, Shaft Self, Renounce Religion, Potion Petition, Call Merchant, Bribe
Branch


You were on level 5 of the Dungeon.
You worshipped Gozag.
Gozag was aware of your devotion.
You visited 1 branch of the dungeon, and saw 6 of its levels.

You collected 244 gold pieces.
You paid 57 gold pieces to Gozag.

Inventory:

Hand Weapons
 a - a +1 flail (weapon)
Missiles
 f - 7 boomerangs
 g - 15 poisoned darts
 o - 19 sling bullets
 p - 2 throwing nets
Armour
 b - a +0 scale mail (worn)
 c - a +0 kite shield (worn)
 u - a +1 cloak (worn)
Wands
 l - a wand of iceblast (7)
 m - a wand of digging (4)
Scrolls
 i - a scroll of fog
 n - 2 scrolls of fear
Potions
 d - a potion of might
 e - 2 potions of berserk rage
 j - a potion of ambrosia
 k - a potion of attraction
 r - a potion of invisibility


   Skills:
 + Level 5.9 Fighting
 + Level 5.5 Maces & Flails
 + Level 6.1 Armour
 - Level 0.8 Dodging
 - Level 0.5 Stealth
 + Level 6.6 Shields


You had 7 spell levels left.
You didn't know any spells.
Your spell library was empty.

Dungeon Overview and Level Annotations

Branches:
Dungeon (6/15)             Temple (0/1) D:6

Altars:
Gozag
Vehumet

Annotations:
D:2 1 runed translucent door, Crazy Yiuf
D:5 Prince Ribbit


Innate Abilities, Weirdness & Mutations

You cannot be hasted, slowed, berserked, paralysed or teleported.
You can dig through walls and to a lower floor.
Your four strong arms can wield two-handed weapons with a shield.
You have a pair of large antennae on your head. (SInv)


Message History

The ice beast hits you. The ice beast freezes you!
You closely miss the ice beast.
The ice beast is almost dead.
You block the ice beast's attack.
You closely miss the ice beast.
The ice beast is almost dead.
The ice beast hits you but does no damage.
Your shield and scale mail prevent you from hitting the ice beast.
The ice beast is almost dead.
The ice beast hits you. The ice beast freezes you!
Your scale mail prevents you from hitting the ice beast.
The ice beast is almost dead.
The ice beast hits you. The ice beast freezes you!
* * * LOW HITPOINT WARNING * * *
It was a potion of berserk rage.
Your stasis prevents you from going berserk.
You block the ice beast's attack.
Okay, then.
Okay, then.
You feel very mighty all of a sudden. You block the ice beast's attack.
You hit the ice beast.
You kill the ice beast!
You block Prince Ribbit's attack.
Your Armour skill increases to level 6!
You miss Prince Ribbit.
Prince Ribbit hits you but does no damage.
Prince Ribbit hops awkwardly around.
Prince Ribbit barely misses you.
You miss Prince Ribbit. You block Prince Ribbit's attack.
You thump Prince Ribbit!
Prince Ribbit is heavily wounded.
Prince Ribbit hits you!
* * * LOW HITPOINT WARNING * * *
Prince Ribbit barely misses you.
You miss Prince Ribbit.
Prince Ribbit is heavily wounded.
You block Prince Ribbit's attack. Prince Ribbit hits you!
You die...
Your body crumbles into a pile of gold.

. .. #.. ..## #..# #..## #.@###
### ###F.## ####<. #### ##..##
###...5. #..## ##..#####.......
....### ####.....#..{..Y...
......## ###..........#.......
......>######......####..#.......
........##......#### #..##......
.<...........#### ##..###.....


You could see Prince Ribbit.

Vanquished Creatures
  An ice beast (D:5)
  A sky beast (D:6)
  4 ogres
  A phantom (D:4)
  A howler monkey (D:6)
  A bullfrog zombie (D:6)
  A bullfrog skeleton (D:5)
  An orc priest (D:5)
  4 orc wizards
  2 worker ants (D:4)
  An iguana (D:6)
  A hound zombie (D:6)
  3 gnolls
  4 adders
  An ufetubus (D:5)
  3 oozes
  3 worms
  A dart slug (D:1)
  4 leopard geckos
  16 orcs
  12 bats
  2 giant cockroaches
  6 goblins
  13 hobgoblins
  10 jackals
  3 quokkas
  5 frilled lizards
  14 kobolds
  9 rats
128 creatures vanquished.

Vanquished Creatures (others)
  8 plants (D:3)
8 creatures vanquished.

Grand Total: 136 creatures vanquished

Notes
Turn   | Place    | Note
-------+----------+-------------------------------------------
     0 | D:1      | Zonian the Formicid Fighter began the quest for the Orb.
     0 | D:1      | Reached XP level 1. HP: 18/18 MP: 1/1
    96 | D:1      | Reached XP level 2. HP: 10/24 MP: 2/2
   905 | D:1      | Reached XP level 3. HP: 26/30 MP: 3/3
  2002 | D:2      | Reached XP level 4. HP: 33/37 MP: 4/4
  2105 | D:2      | Found a runed translucent door.
  2106 | D:2      | Noticed Crazy Yiuf
  4299 | D:3      | Reached XP level 5. HP: 42/42 MP: 5/5
  5632 | D:3      | Found a radiant altar of Vehumet.
  5833 | D:4      | Noticed a phantom
  5860 | D:4      | Killed a phantom
  5861 | D:4      | Reached XP level 6. HP: 47/48 MP: 6/6
  6000 | D:4      | Noticed an ogre
  6007 | D:4      | Killed an ogre
  6008 | D:4      | Reached skill level 5 in Shields
  6287 | D:4      | Noticed an ogre
  6305 | D:4      | Killed an ogre
  6306 | D:4      | Reached XP level 7. HP: 26/55 MP: 7/7
  6680 | D:4      | Reached skill level 5 in Armour
  7159 | D:4      | Reached skill level 5 in Fighting
  7378 | D:4      | You fall into a shaft and drop 2 floors!
  7474 | D:6      | Reached XP level 8. HP: 50/62 MP: 8/8
  7612 | D:6      | Found an opulent altar of Gozag.
  7691 | D:6      | Reached skill level 5 in Maces & Flails
  7758 | D:6      | Became a worshipper of Gozag Ym Sagoz the Greedy
  7941 | D:6      | Found a staircase to the Ecumenical Temple.
  7972 | D:5      | Entered Level 5 of the Dungeon
  8003 | D:5      | Noticed Prince Ribbit
  9003 | D:5      | Slain by Prince Ribbit

Illustrated notes

Levels and vault maps discovered:
D:1:      lightli_molten_gateway, layout_basic, minmay_strange_pillars
D:2:      layout_loops_corners, uniq_crazy_yiuf_cottage
D:3:      layout_basic, marbit_many_paths, grunt_decor_cap,
          lexackson_kobold_supper
D:4:      layout_basic
D:5:      layout_cave_pods, elyvilon_altar_3, uniq_prince_ribbit1
D:6:      layout_gridville, kennysheep_little_box, overflow_temple_1_default,
          gammafunk_temple_overflow_wave, temple_pool_b,
          nicolae_gozag_seed_capital

Skill      XL: |  1  2  3  4  5  6  7  8 |
---------------+-------------------------+-----
Shields        | 4 5 6 |  6.6
Maces & Flails | 3 4 5 |  5.5
Armour         | 4 5 6 |  6.1
Fighting       | 4 5 |  5.9
Dodging        | |  0.8
Stealth        | |  0.5

Action                   |  1- 3 |  4- 6 |  7- 9 || total
-------------------------+-------+-------+-------++-------
Melee: Flail             |   127 |   209 |   222 ||   558
  Use: Scroll            |       |    10 |     2 ||    12
       Potion            |       |       |     2 ||     2
Armor: Scale mail        |    52 |    93 |   110 ||   255
Dodge: Dodged            |    40 |    74 |   113 ||   227
Block: Kite shield       |    67 |   136 |   148 ||   351

Table legend: (Time is in decaauts)
 A = Elapsed time spent in this place.
 B = Non-inter-level travel time spent in this place.
 C = Inter-level travel time spent in this place.
 D = Time resting spent in this place.
 E = Time spent auto-exploring this place.
 F = Levels seen in this place.
 G = Mean time per level.
                   A        B        C        D        E       F      G
               +--------+--------+--------+--------+--------+-----+--------+
         Total |   9205 |   9084 |    121 |   3667 |   3990 |   6 | 1534.2 |
       Dungeon |   9205 |   9084 |    121 |   3667 |   3990 |   6 | 1534.2 |
               +--------+--------+--------+--------+--------+-----+--------+

Top non-repeatable levels by time:
     D:2: 2639 daAuts
     D:4: 2452 daAuts
     D:3: 2056 daAuts
     D:1: 1257 daAuts
     D:6: 624 daAuts
     D:5: 174 daAuts
